[Event "AUT Bundesliga 2021-22"]
[Site "Graz"]
[Date "2022.04.21"]
[Round "9.23"]
[White "Neyman, Igor"]
[Black "Sebenik, Matej"]
[Result "0-1"]
[ECO "D60"]
[WhiteElo "2325"]
[BlackElo "2510"]
[Annotator "TA"]
[PlyCount "112"]
[EventDate "2021.01.17"]
[EventType "team-tourn"]
[EventCountry "AUT"]
[SourceTitle "playchess.com"]
[Source "ChessBase"]
[SourceQuality "1"]
[TimeControl "40/5400+30:1800+30"]

1. d4 d5 2. c4 e6 3. Nc3 Nf6 4. Bg5 Be7 5. Nf3 O-O 6. e3 Nbd7 7. cxd5 Nxd5 8. Bxe7 Qxe7 9. Nxd5 exd5 10. Bd3 c6 11. O-O Nf6 12. Qc2 g6 {[%emt 0:01:59] D61: Queen's Gambit Declined: Classical: 7 Qc2.} 13. Qc5 {[%emt 0:16:33] [#]} Re8 $146 ({Predecessor:} 13... Qxc5 14. dxc5 Nh5 15. Nd4 Ng7 16. b4 Ne6 17. Nb3 Bd7 18. Rfc1 Rab8 19. f4 Rfe8 20. Kf2 {½-½ (37) Bagirov,R (2471)-Ehlvest,J (2589) Moscow 2002}) 14. b4 Ne4 {[%emt 0:08:42] The position is equal.} 15. Qxe7 Rxe7 16. Rfc1 Nd6 17. a4 a6 18. Nd2 Bf5 19. Bf1 g5 20. Nb1 Ree8 21. Nd2 Kg7 22. Ra3 f6 23. h3 h5 24. Rb3 Rec8 25. Rbc3 (25. Rc5 $11) 25... h4 (25... a5 $15 26. Rb3 Kg6) 26. f3 (26. Nb3 $11 {keeps the balance.}) 26... a5 $1 $17 27. Rb3 Ra7 (27... b5 $1 $17 28. axb5 a4) 28. Be2 (28. bxa5 $11 Rxa5 29. Rb4 (29. e4 dxe4 30. fxe4 Nxe4 $11)) 28... axb4 $15 29. Rxb4 Rca8 30. Bd1 Bg6 31. Bb3 f5 32. Re1 Re8 $1 33. Bc2 f4 ({Black should try} 33... b5 $17) 34. e4 Re7 (34... b5 $1 $15) 35. Bb1 Nf5 36. e5 (36. Rc1 $11 Ng3 37. Kf2) 36... Ne3 $17 {[%emt 0:00:20] ...Bxb1 is the strong threat.} 37. Bxg6 Kxg6 38. Rc1 {[%emt 0:00:25] Prevents Nc2.} Kf7 {[%emt 0:01:18] &Nero is more active.} 39. Nb3 Nc4 (39... b5 $1 $17 40. a5 (40. axb5 cxb5 41. Kh2 Ra2 $17) 40... Ra6) 40. Rc2 (40. Nc5 $1 $11) 40... Rc7 41. Nd2 (41. Ra2 $17) 41... Ne3 $1 $19 42. Rc5 (42. Ra2 $17) 42... b6 43. Rxb6 {[%emt 0:02:43] And now a5 would win.} Rxa4 {[%emt 0:00:04] Strongly threatening ...Ra2.} 44. Nb3 $2 (44. Kf2 Ra2 45. Ke1) 44... Ra3 $2 (44... Ra2 $19 45. Kh1 Rxg2 46. Rcxc6 Rxc6 47. Rxc6 Rg3) 45. Ra5 $11 Rxa5 46. Nxa5 {[%emt 0:00:07][%mdl 4096] Endgame KRN-KRN} c5 47. dxc5 Rxc5 48. Nb3 (48. Rf6+ $11 Ke8 49. Nc6) 48... Rc4 $17 49. Rd6 {[%emt 0:01:00] [#]} Ke7 $1 50. Na5 (50. Rg6 $17) 50... Rc1+ $19 51. Kf2 Rc2+ 52. Kg1 (52. Ke1 $142) 52... Rc1+ (52... Rxg2+ 53. Kh1 $11) 53. Kf2 $1 Rc2+ 54. Kg1 $1 Nf5 ({Not} 54... Rxg2+ 55. Kh1 $11) 55. Rxd5 $2 (55. Nc6+ $19 Ke8 56. Rd8+ Kf7 57. Rd7+ Ke6 58. Rd6+ Nxd6 59. Nd4+ Kxe5 60. Nxc2) 55... Rc1+ ({Weaker is} 55... Ne3 56. Rd6 $11) 56. Kf2 {[%emt 0:00:05] [#]} Ng3 $1 {[%emt 0:00:05] Weighted Error Value: White=0.45/Black=0.32} 0-1

[Event "AUT Bundesliga 2021-22"]
[Site "Graz"]
[Date "2022.04.21"]
[Round "9.24"]
[White "Janzelj, Tim"]
[Black "Kranz, Armin"]
[Result "1-0"]
[ECO "C42"]
[WhiteElo "2463"]
[BlackElo "2113"]
[Annotator "TA"]
[PlyCount "67"]
[EventDate "2021.01.17"]
[EventType "team-tourn"]
[EventCountry "AUT"]
[SourceTitle "playchess.com"]
[Source "ChessBase"]
[SourceQuality "1"]
[TimeControl "40/5400+30:1800+30"]

1. e4 e5 2. Nf3 Nf6 3. Qe2 Nc6 4. h3 d6 {[%emt 0:06:15] [#]} 5. g4 $146 ({Predecessor:} 5. c3 Be7 6. d3 O-O 7. d4 exd4 8. cxd4 d5 9. e5 Bb4+ 10. Bd2 Re8 11. Qd3 {0-1 (37) De Moura,E-Baltar,P (1828) Recife 2012}) 5... g6 6. Bg2 {[%emt 0:01:09] C42: Petroff Defence: 3 Nxe5 and unusual White 3rd moves.} Bg7 7. d3 O-O 8. Nbd2 {[%emt 0:02:02] Black is slightly better.} d5 9. Nf1 Be6 (9... h5 {with more complications.} 10. Bg5 hxg4 11. hxg4 Bxg4 12. Ne3 Nd4) 10. Ng3 dxe4 11. dxe4 Nd4 12. Nxd4 Qxd4 13. c3 Qa4 14. g5 Bc4 $2 {[%emt 0:04:37] [#]} 15. b3 $1 $16 Bxb3 {[%emt 0:04:05] aiming for ...Nd7.} 16. gxf6 Rfd8 {[%emt 0:04:11] [#]} 17. axb3 Qxa1 $14 18. O-O {[%emt 0:00:12] Active counter play!} Bf8 (18... Bxf6 $2 {[#]} 19. Bg5 $1 Qxf1+ 20. Bxf1 $18 (20. Nxf1 Bxg5 21. Qb5 Bf4 $18)) 19. Qf3 Qa6 20. c4 Rd6 21. Bg5 (21. Qc3 $14) 21... Rad8 $11 22. Qc3 Re8 (22... Rd3 $11 {keeps the balance.} 23. Qxe5 Bd6) 23. Ra1 Qb6 {[%emt 0:02:24] This move loses the game for Black.} (23... Rd3 $1 $14 24. Qxd3 (24. Rxa6 Rxc3 25. Ra5 Rxb3 $15) 24... Qxa1+ 25. Nf1 Qd4) 24. c5 $18 Qc6 25. Bf1 $36 {[%emt 0:00:03][%cal Of1b5][%mdl 2048] White is on the roll.} Rdd8 26. b4 ({Worse is} 26. Rxa7 Bxc5 27. Qa1 Bxa7 28. Qxa7 Ra8 $17) 26... a6 (26... h6 $16 {might work better.}) 27. Bc4 {[%emt 0:00:23] Qb3 is the strong threat.} h6 28. Qb3 Qd7 (28... hxg5 29. Bxf7+ Kh7) 29. Be3 c6 30. Kh2 {[%emt 0:00:40][%cal Og3f5] Black must now prevent Nf5!} Qc7 {[%emt 0:00:42] [#]} (30... Re6 $142 31. Rg1 Qe8) 31. Nf5 $1 {[%emt 0:01:31][%mdl 512] Strongly threatening Rg1.} gxf5 {[%emt 0:05:46] [#]} (31... Rd4 32. Rg1) 32. Bxf7+ $1 Kh8 (32... Kh7 33. Bxe8) 33. Bxe8 (33. Rg1 $142 Rd5 34. Bxe8 fxe4 35. f7 Qe7 36. Rg8+ Kh7 37. Qb1 Rd3 38. Qg1) 33... Rxe8 34. Rg1 {[%emt 0:00:03] Weighted Error Value: White=0.14 (very precise) /Black=0.87} 1-0

[Event "AUT Bundesliga 2021-22"]
[Site "Graz"]
[Date "2022.04.21"]
[Round "9.25"]
[White "Shengelia, David"]
[Black "Ragger, Markus"]
[Result "1/2-1/2"]
[ECO "D80"]
[WhiteElo "2503"]
[BlackElo "2643"]
[Annotator "TA"]
[PlyCount "61"]
[EventDate "2021.01.17"]
[EventType "team-tourn"]
[EventCountry "AUT"]
[SourceTitle "playchess.com"]
[Source "ChessBase"]
[SourceQuality "1"]
[TimeControl "40/5400+30:1800+30"]

1. d4 Nf6 2. c4 g6 3. Nc3 d5 4. Bg5 Ne4 5. Bh4 Nxc3 6. bxc3 dxc4 7. e3 Be6 8. Nf3 Bg7 9. Be2 {[%emt 0:00:22] is the legacy move (9.Qb1).} O-O 10. O-O c5 {[%emt 0:00:31] The position is equal.} 11. Rb1 {[%emt 0:02:49] D91: Grünfeld: 4 Nf3 Bg7 5 Bg5.} (11. Ng5 {keeps more tension.} Bf5 12. Bxc4 Nc6 13. Rc1) 11... cxd4 12. Nxd4 Bd5 13. Qc2 Qc7 14. e4 Bc6 15. Bxc4 b6 {[%emt 0:02:42] [#]} 16. Rfd1 $146 ({Predecessor:} 16. Bg3 Qb7 17. Rfe1 e6 18. Qe2 a6 19. h4 h5 20. Bf4 b5 21. Bd3 e5 22. Nxc6 exf4 23. Nxb8 {½-½ (23) Howell,D (2620)-Bok,B (2512) Leiden 2012}) 16... Bb7 17. Bd5 {[%emt 0:02:15] Hoping for Nb5.} Nc6 18. Nxc6 Bxc6 {[%emt 0:03:36] [#]} 19. Bxe7 $1 Qxe7 20. Bxc6 Rac8 21. Bd5 Rxc3 22. Qd2 Rfc8 23. Rbc1 Rxc1 24. Rxc1 Rxc1+ 25. Qxc1 Bd4 26. g3 Qc5 27. Qxc5 Bxc5 28. Kg2 Kf8 29. f4 f6 30. Kf3 Ke7 31. Bc4 {[%emt 0:00:10] An even fight not without its subleties.  Weighted Error Value: White=0.02 (flawless) /Black=0.03 (flawless)} 1/2-1/2

[Event "AUT Bundesliga 2021-22"]
[Site "Graz"]
[Date "2022.04.21"]
[Round "9.26"]
[White "Predojevic, Borki"]
[Black "Doric, Darko"]
[Result "1/2-1/2"]
[ECO "D10"]
[WhiteElo "2585"]
[BlackElo "2478"]
[Annotator "TA"]
[PlyCount "76"]
[EventDate "2021.01.17"]
[EventType "team-tourn"]
[EventCountry "AUT"]
[SourceTitle "playchess.com"]
[Source "ChessBase"]
[SourceQuality "1"]
[TimeControl "40/5400+30:1800+30"]

1. d4 d5 2. c4 c6 3. Nc3 Nf6 4. cxd5 cxd5 5. Bf4 Nc6 6. e3 a6 7. Be2 Bf5 8. Nf3 e6 9. Qb3 {[%emt 0:00:16] D13: Slav Defence: Exchange variation without ...Bf5.} Bd6 10. Bxd6 (10. Qxb7 Na5 11. Qxa8 Qxa8 $15) 10... Qxd6 11. Qxb7 {[%emt 0:00:18] White is slightly better.} O-O ({Less strong is} 11... Rb8 12. Qxa6 O-O 13. O-O $16) 12. Qb3 $1 ({But not} 12. Bxa6 $2 Rab8 13. Qxb8 Rxb8 $19) 12... Rfb8 13. Qa3 Qxa3 14. bxa3 Na7 15. a4 {[%emt 0:10:43] Prevents Nb5.} Rb2 16. Bxa6 Rc2 17. Nd1 Nc8 18. Bb5 Nb6 19. Ne5 Nxa4 20. f3 {[%emt 0:02:00] [#]} Ra5 $146 ({Predecessor:} 20... h5 21. O-O Ra5 22. Bxa4 Rxa4 23. a3 Ne8 24. Nd7 Nd6 25. Nc5 Rac4 26. a4 {½-½ (26) Laube,B (2402)-Varkentin,W (2423) ICCF email 2019}) 21. Bxa4 Rxa4 22. g4 Bg6 23. a3 Ne8 24. O-O $1 f6 25. Nxg6 hxg6 26. Rf2 Rc8 27. Nb2 Ra5 28. a4 Nd6 29. Rd2 Kf7 30. Kf2 g5 31. h3 Ke7 32. Ke2 Rc3 33. Nd3 Nc4 {[%emt 0:00:15] The position is equal.} 34. Rda2 Kd6 35. Rb1 Kc7 36. Rba1 (36. f4 $5 ) 36... Kd6 37. Rb1 Kc7 38. Rba1 Kd6 {Weighted Error Value: White=0.07 (flawless) /Black=0.04 (flawless)} 1/2-1/2

[Event "AUT Bundesliga 2021-22"]
[Site "Graz"]
[Date "2022.04.21"]
[Round "9.27"]
[White "Lehner, Oliver"]
[Black "Handler, Lukas"]
[Result "1/2-1/2"]
[ECO "C02"]
[WhiteElo "2393"]
[BlackElo "2436"]
[Annotator "TA"]
[PlyCount "103"]
[EventDate "2021.01.17"]
[EventType "team-tourn"]
[EventCountry "AUT"]
[SourceTitle "playchess.com"]
[Source "ChessBase"]
[SourceQuality "1"]
[TimeControl "40/5400+30:1800+30"]

1. e4 e6 2. d4 d5 3. e5 c5 4. c3 Nc6 5. Nf3 Bd7 6. Be2 cxd4 7. cxd4 Nge7 8. Nc3 Ng6 9. O-O Be7 10. Re1 O-O 11. Bd3 a6 {[%emt 0:09:18] [#] C02: French: Advance Variation.} 12. a3 $146 ({Predecessor:} 12. Be3 b5 13. Rc1 Rc8 14. Bb1 Na5 15. g3 Nc4 16. b3 Na3 17. Bd3 b4 18. Ne2 Bb5 19. h4 Rxc1 20. Bxc1 Bxd3 21. Qxd3 {1-0 (45) Grandidier,R (2043)-Schott,R (2034) France 2009}) 12... b5 13. Ne2 Qb6 {[%emt 0:07:52] White is slightly better.} 14. Be3 b4 15. h4 Rfc8 ({Black should play} 15... Nxh4 $11 16. Nxh4 Bxh4) 16. h5 $14 Nf8 17. h6 g6 18. Bg5 bxa3 19. bxa3 ({But not} 19. Bxe7 axb2 20. Ra2 Nxe7 $11) 19... Qd8 (19... Bxg5 $14 20. Nxg5 Rab8) 20. Qd2 $16 Be8 21. Bxe7 Qxe7 22. Ng3 Nd7 23. Nf1 {[%emt 0:00:06] &Bianco is much more active.} Nb6 (23... a5 $16) 24. Ne3 Nb8 25. Ng4 Bb5 (25... N8d7 {was necessary.} 26. Reb1 Ra7) 26. Reb1 $18 N8d7 27. Bxb5 axb5 28. Rxb5 Rxa3 29. Rxa3 Qxa3 30. Ra5 Qf8 31. Ra7 Ra8 32. Rxa8 Nxa8 33. Qa5 {[%emt 0:00:19] Prevents Nc7.} Nab6 34. Qb5 Qc8 35. Kh2 Qc4 (35... Qc7 {keeps fighting.} 36. g3 Qd8) 36. Qa5 $2 {[%emt 0:00:13] [#]} ({White has to play} 36. Qb2 $18) 36... Qa4 $1 $14 37. Qxa4 (37. Qd2 {is more complex.} Qa3 38. Qg5 Qf8 39. Qc1) 37... Nxa4 {[%emt 0:00:04][%mdl 4096] Endgame KNN-KNN} 38. Kg1 ({White should try} 38. Kg3 $14) 38... Nc3 $11 {[%emt 0:00:58] The position is equal.} 39. Kf1 Ne4 40. Ke2 Kf8 41. Nd2 f5 42. Nxe4 dxe4 {[%emt 0:00:51] KN-KN} 43. Ne3 Kf7 44. g4 Nb6 45. g5 Ke7 46. f3 exf3+ 47. Kxf3 Kd7 48. Ng2 Nd5 49. Nh4 {[%emt 0:00:06][%cal Oh4g6] [#] Hoping for Nxg6!} Ne7 50. Ng2 Nd5 51. Nh4 {[%emt 0:00:05][%cal Oh4g6] Strongly threatening Nxg6!} Ne7 52. Ng2 {[%emt 0:00:06] Blacks defense is rewarded with a draw.  Weighted Error Value: White=0.19 (very precise) /Black=0.15 (very precise)} 1/2-1/2

[Event "AUT Bundesliga 2021-22"]
[Site "Graz"]
[Date "2022.04.21"]
[Round "9.28"]
[White "Buhmann, Rainer"]
[Black "Tica, Sven"]
[Result "1/2-1/2"]
[ECO "D02"]
[WhiteElo "2569"]
[BlackElo "2423"]
[Annotator "TA"]
[PlyCount "109"]
[EventDate "2021.01.17"]
[EventType "team-tourn"]
[EventCountry "AUT"]
[SourceTitle "playchess.com"]
[Source "ChessBase"]
[SourceQuality "1"]
[TimeControl "40/5400+30:1800+30"]

1. d4 d5 2. Nf3 e6 3. c4 Nf6 4. e3 b6 5. b3 Bb7 6. Bd3 Bd6 7. O-O O-O {[%emt 0:00:06] E14: Queen's Indian: Classical Variation (4 e3).} 8. cxd5 {[%emt 0:00:14] is now debated instead of 8.Bb2.} exd5 9. Ba3 c5 10. Nc3 Nbd7 11. Rc1 g6 12. Qe2 Re8 {[%emt 0:00:37] [#]} 13. Rfd1 $146 ({Predecessor:} 13. Ba6 Bxa6 14. Qxa6 cxd4 15. exd4 Bf4 16. Rce1 Qc7 17. Qd3 a6 18. g3 Bh6 19. Bb2 {½-½ (32) Mons,L (2500)-Rodshtein,M (2699) Germany 2018}) 13... a6 {[%emt 0:12:34] [#]} (13... Ne4 $11) 14. Bb2 ({White should try} 14. Na4 $1 $16) 14... Qe7 $11 15. Qf1 Ne4 16. dxc5 bxc5 (16... Nexc5 $11 17. Bc2 Nf6) 17. Bxe4 $16 dxe4 18. Nd2 Nf6 19. Qe2 {[%emt 0:20:49] Prevents Ng4.} h5 20. Na4 {[%emt 0:03:30] And now Nc4 would win.} Ng4 ({Better is} 20... Rad8 $14) 21. Nf1 {[%emt 0:06:33] Pair of Knights!} (21. h3 $16 Ne5 22. Nc4) 21... Bc6 $14 22. h3 Ne5 (22... Bb5 $2 23. Qd2 Red8 24. hxg4 $18) 23. Bxe5 (23. Nb6 $5 ) 23... Qxe5 24. Nb6 {[%emt 0:01:42] aiming for Qd2.} Bb5 $1 25. Nc4 Bf8 26. a4 Bxc4 27. Qxc4 Re6 28. Rd5 Qb2 29. Rc2 Qb1 30. Rc1 (30. Rcd2 $5 ) 30... Qb2 31. Rd2 Qe5 32. Rcd1 Rb8 33. Rd8 Rb4 34. Qc2 Kg7 35. R8d5 Qb8 (35... Qc7 $14) 36. Qc3+ $16 ({Don't take} 36. Rd8 Qe5 $14) 36... Kg8 37. Rd8 Qe5 38. Qxe5 Rxe5 39. Ra8 {[%emt 0:01:54] [#] Hoping for Rdd8.} Kg7 40. Rdd8 ({Much weaker is} 40. Rxa6 Rxb3 41. Rd7 Re7 42. Rxe7 Bxe7 $11) (40. Rd7 $1 $14) 40... Be7 $11 41. Rg8+ Kh7 (41... Kh6 $1 $11) 42. Rgb8 (42. Rge8 $14 {is more appropriate.}) 42... c4 {[%emt 0:07:56] The position is equal.} 43. bxc4 Rxa4 44. Rb7 {[%emt 0:00:48] Black must now prevent Re8.} Kg7 45. Raa7 Kf8 46. Ra8+ (46. g4 {with more complications.} Ra2 47. gxh5 gxh5 48. Ng3) 46... Kg7 47. Raa7 (47. g4 {keeps more tension.} Ra2 48. Raa7 Kf8 49. gxh5 gxh5 50. Ng3) 47... Kf8 48. Rc7 (48. g4 {is interesting.} Ra2 49. gxh5 gxh5 50. Ng3) 48... Ra2 49. Rc8+ Kg7 50. Rcc7 Kf8 51. g4 h4 52. Rc8+ Kg7 53. Rcc7 Kf8 54. Rc8+ Kg7 55. Rcc7 {[%emt 0:00:09] Weighted Error Value: White=0.11 (very precise) /Black=0.12 (very precise)} 1/2-1/2

[Event "AUT Bundesliga 2021-22"]
[Site "Graz"]
[Date "2022.04.21"]
[Round "9.29"]
[White "Deglmann, Ludwig"]
[Black "Halvax, Georg"]
[Result "0-1"]
[ECO "D36"]
[WhiteElo "2248"]
[BlackElo "2405"]
[Annotator "TA"]
[PlyCount "138"]
[EventDate "2021.01.17"]
[EventType "team-tourn"]
[EventCountry "AUT"]
[SourceTitle "playchess.com"]
[Source "ChessBase"]
[SourceQuality "1"]
[TimeControl "40/5400+30:1800+30"]

1. d4 d5 2. c4 e6 3. Nc3 Nf6 4. cxd5 exd5 5. Bg5 c6 6. Qc2 Be7 7. e3 O-O 8. Bd3 Nbd7 9. Nge2 Re8 10. O-O Nf8 11. f3 c5 {[%emt 0:07:04] 11...g6 is setting a new trend.} (11... g6 $11 {keeps the balance.}) 12. Qd2 {[%emt 0:12:54] [#] D36: Queen's Gambit Declined: Exchange Variation: Main line (5 Bg5 c6 6 Qc2).} (12. Bxf6 $16 Bxf6 13. dxc5) 12... Ne6 $146 ({Predecessor:} 12... Ne4 13. Nxe4 Bxg5 14. Nxg5 Qxg5 15. dxc5 Qxe3+ 16. Qxe3 Rxe3 17. Rfd1 Bd7 18. Kf2 Rae8 19. Nd4 R3e5 {½-½ (38) Vaznonis,V (2315)-Skindzier,S (2203) Ankara 2007}) 13. Bh4 a6 {[%emt 0:02:52] Prevents Bb5.} 14. Bc2 {[%emt 0:11:35] White is slightly better.} b5 15. dxc5 Bxc5 16. Nd4 Nxd4 (16... Bb7 {feels hotter.} 17. Rfe1 Rc8 18. Bf5 Bd6) 17. exd4 Be7 18. Bb3 Be6 19. Qd3 Qd7 20. g4 Rab8 21. Bg3 Bd6 22. Be5 Bxe5 23. dxe5 Qa7+ 24. Kh1 {[%emt 0:00:48] [#]} d4 $1 25. Nxb5 (25. exf6 dxc3) 25... Rxb5 26. exf6 Bxb3 27. axb3 Qb6 28. Rae1 (28. Ra4 $11) 28... Rd8 $17 29. fxg7 Rxb3 30. Qf5 Rxb2 (30... Rb5 $6 31. Qf4 $15) 31. Re7 Qg6 {[%emt 0:00:49] aiming for ...Qxf5.} 32. Qe5 Rbb8 ({Worse is} 32... Qxg7 33. Qa5 Rbb8 34. Ra7 $17) (32... Rb5 $1 $17 33. Qc7 Rbb8) 33. Rd1 (33. Kg2 $15) 33... Qc2 $1 34. Re1 ({Reject} 34. Rg1 Qb3 35. Kg2 d3 $17) 34... Qb3 35. Qf6 d3 36. R1e6 (36. Qxa6 $2 d2 37. Kg2 dxe1=N+ $19) 36... Qxe6 (36... Qb1+ $1 $19 37. Re1 Qa2) 37. Rxe6 $11 d2 {[%emt 0:01:04] Dancing on a razor blade.} 38. Rd6 d1=Q+ (38... Rxd6 $2 39. Qxd6 Rc8 40. Qxd2 $18) 39. Rxd1 Rxd1+ {[%emt 0:00:03][%mdl 4096] Endgame KQ-KRR} 40. Kg2 Ra8 41. g5 a5 {[%emt 0:04:57] Hoping for ...a4.} 42. h4 Re1 43. Qc6 Ree8 44. Qa4 Reb8 45. h5 Rb6 46. Kg3 Rd6 47. g6 hxg6 48. Qf4 {[%emt 0:00:40] Qh6 would kill now.} Rd5 $1 49. hxg6 fxg6 50. Qh6 Kf7 51. g8=Q+ ({Not} 51. Qh7 $2 Rg8 52. Qh6 Rh5 53. Qf4+ Kxg7 54. Qd4+ Kh7 $19) 51... Rxg8 (51... Kxg8 $2 52. Qxg6+ Kf8 53. Qf6+ Kg8 54. Qe6+ Kh7 55. Qxd5 $18) 52. Qf4+ $2 (52. Qh7+ $1 $11 Rg7 53. Qh8) 52... Rf5 $2 (52... Kg7 $19 53. Qc7+ Kh8) 53. Qc7+ Kf8 54. Qd8+ $2 (54. Qc3 $11 {and White stays safe.}) 54... Kg7 $19 55. Qd4+ Kh7 56. Qh4+ Rh5 57. Qe7+ Rg7 58. Qd8 (58. Qf6 $17 {was the only chance.}) 58... Rf7 {[%emt 0:00:09] White must now prevent ...Rhf5.} 59. f4 $2 (59. Kf2) 59... Rhf5 60. Qa8 Kg7 $1 61. Qa6 Rc7 $2 (61... Rxf4 $19 62. Qxa5 Rf3+ 63. Kh2 Kh6) 62. Qa8 (62. Kg4 $17 {was called for.}) 62... Rc3+ (62... Rd7 $1 $19 {[%cal Rd7f7] is more deadly. Strongly threatening ...Rdf7.} 63. Qe4 Rdf7 64. Qd4+ R7f6) 63. Kg4 $17 {[%emt 0:00:44] [#]} Rc4 (63... Rc1 $1 $17 {[%cal Rc1f1] ...Rf1 is the strong threat.} 64. Qa7+ Kh6) 64. Qb7+ $11 Rf7 65. Qb2+ Kh7 {[%emt 0:00:12] Threatens to win with ...Rb4.} 66. Qh2+ Kg8 67. Kg5 $1 Rcxf4 (67... Rc6 $1 $15 68. Qa2 Kg7 69. Qa1+ Kg8) 68. Qa2 R4f6 69. Qa4 $2 {[%emt 0:00:46][%mdl 8192] [#]} (69. Kh6 $11) 69... Rf5+ $2 {[%emt 0:00:26][%mdl 32768] Weighted Error Value: White=0.47/Black=0.15 (very precise) . Loss on time!?} ({Better is} 69... Re6 $1 $19 70. Qc4 Rf5+ 71. Kg4 Rfe5) 0-1

[Event "AUT Bundesliga 2021-22"]
[Site "Graz"]
[Date "2022.04.21"]
[Round "9.30"]
[White "Tomazini, Zan"]
[Black "de Francesco, Klaus"]
[Result "1-0"]
[ECO "C05"]
[WhiteElo "2375"]
[BlackElo "2177"]
[Annotator "TA"]
[PlyCount "105"]
[EventDate "2021.01.17"]
[EventType "team-tourn"]
[EventCountry "AUT"]
[SourceTitle "playchess.com"]
[Source "ChessBase"]
[SourceQuality "1"]
[TimeControl "40/5400+30:1800+30"]

1. e4 e6 2. d4 d5 3. Nd2 Nf6 4. e5 Nfd7 5. Bd3 c5 6. c3 b6 7. a4 {[%emt 0:02:39] C06: French Tarrasch: 3...Nf6 4 e5 Nfd7 5 Bd3 main lines.} a5 8. Ne2 Ba6 9. Bb5 {[%emt 0:00:40] White is slightly better.} Qc8 {[%emt 0:00:40] [#]} 10. c4 $146 ({Predecessor:} 10. O-O Nc6 11. c4 dxc4 12. Nxc4 Bxb5 13. axb5 Nxd4 14. Nxd4 cxd4 15. Qxd4 Qc5 16. Qd3 {1-0 (62) Barglowski,F (2335)-Skliarov,O (2098) Lvov 2013}) 10... Bxb5 11. axb5 cxd4 12. cxd5 Nxe5 13. O-O Bc5 14. Nb3 (14. dxe6 $16 O-O 15. Nb3) 14... O-O (14... exd5 $11 15. Nexd4 O-O) 15. Nexd4 (15. dxe6 $16 Qxe6 16. Nexd4 Bxd4 17. Nxd4) 15... exd5 $11 16. Bf4 Ng6 17. Bg3 Nd7 18. Nc6 Nf6 (18... Re8 $14) 19. Rc1 $1 $16 Re8 20. Nxc5 bxc5 21. Rxc5 {[%emt 0:00:11][%cal Oc6e7] Black must now prevent Ne7+!} Qb7 {[%emt 0:00:20] Prevents Ne7+.} 22. Qc2 h5 23. h3 (23. f3 $1 $16) 23... h4 (23... Qb6 $1 $11 24. Nd4 Ne4 25. Rxd5 Nxg3 26. fxg3 Re5) 24. Bh2 $1 Re4 25. f3 Ree8 26. Rc1 ({White should try} 26. Rd1 $16) 26... Nf8 ({Better is} 26... Nh5 $1 $14) 27. Nd4 $36 {[%emt 0:08:11][%mdl 2048] White is really pushing.} N8d7 $2 (27... Ne6 $16 {was worth a try.} 28. Nxe6 Rxe6) 28. Rc7 $18 Qb6 29. Qf2 a4 30. R7c6 (30. Qxh4 a3 31. bxa3 Ra4 $16) 30... Qa5 31. Bc7 Qb4 32. Bd6 Qa5 33. Qxh4 Ne5 34. Bxe5 Rxe5 35. b6 (35. Qg3 Rae8 36. Rxf6 Qd2 $18) (35. f4 $142 Rh5 36. Qe1 Qxe1+ 37. Rxe1) 35... Qb4 36. Qf2 Rae8 37. Kh2 Re3 {[%emt 0:05:11] [#]} 38. Rd1 (38. Rc8 $1 $18 {Threatens to win with Qxe3.} R3e7 39. R1c6) 38... Nd7 {[%emt 0:02:03] [#]} (38... Nh5 $16 {is a better defense.} 39. h4 Kh8) 39. Qd2 (39. Qg3 $1 $18 {and the rest is easy. Hoping for Nf5.} Ne5 40. Rcc1 (40. Nf5 $2 Nxf3+ 41. gxf3 Re2+ 42. Kg1 Re1+ 43. Rxe1 Rxe1+ 44. Qxe1 Qxe1+ 45. Kg2 Qe2+ 46. Kg3 Qb5 $19) 40... Nxf3+ 41. Nxf3 Qxb6 42. Rxd5) 39... Qe7 $2 (39... Qxd2 $16 40. Rxd2 Rb8) 40. Nf5 $2 ({White should play} 40. Rdc1 $18) 40... Qe5+ $14 41. Ng3 {[%emt 0:02:13] White is much more active.} Nf6 42. Qd4 {[%emt 0:01:59] b7 is the strong threat.} Qb8 (42... Rb3 $14) 43. Rxf6 $18 (43. Qxa4 {[#]} Rxf3 $1 44. Qh4 Rf4 $17) ({Weaker is} 43. Rc7 Rb3 $11) 43... gxf6 44. Qg4+ ({Stronger than} 44. Qxf6 R3e6 45. Qh4 Rxb6 $11) 44... Kf8 45. Rxd5 R3e5 $2 (45... R8e5 46. Qb4+ Kg7 47. Rxe5 Rxe5) 46. Qb4+ Kg8 47. Rd7 f5 48. b7 R5e6 49. f4 {[%emt 0:01:48] Intending Qd4 and mate.} Rg6 50. Qd4 {[%emt 0:01:23] White mates.} Rg7 51. Nxf5 Rh7 52. Ne7+ Kf8 53. Nc6 {[%emt 0:00:42] Weighted Error Value: White=0.30/Black=0.69} 1-0